 Dungeon Crawl Stone Soup version 0.28-a0-537-g3bccd9ccbf (webtiles) character file.

Game seed: 8418014834313909677

114 ragingrage the Poker (level 4, 0/52 HPs)
             Began as a Demonspawn Chaos Knight on Sept 27, 2021.
             Was a Plaything of Xom.
             Succumbed to an orc wizard's poison
             ... on level 3 of the Dungeon.
             The game lasted 00:02:24 (2438 turns).

ragingrage the Poker (Demonspawn Chaos Knight)      Turns: 2438, Time: 00:02:25

Health: 0/52       AC: 11    Str: 14    XL:     4   Next: 66%
Magic:  4/4        EV: 11    Int: 13    God:    Xom [....*.]
Gold:   93         SH:  0    Dex: 12    Spells: 3/3 levels left

rFire   . . .      SeeInvis .   a - +0 spear (chaos)
rCold   . . .      Faith    .   (no shield)
rNeg    . . .      Spirit   .   b - +2 leather armour
rPois   .          Reflect  .   (no helmet)
rElec   .          Harm     .   (no cloak)
rCorr   .          Rampage  .   (no gloves)
Will    .....                   (no boots)
Stlth   ..........              (no amulet)
HPRegen 0.17/turn               (no ring)
MPRegen 0.09/turn               (no ring)

@: confused, berserking, lethally poisoned (0 -> -5), sanguine armoured, hasted,
very quick
A: sanguine armour 1
a: Renounce Religion


You were on level 3 of the Dungeon.
You worshipped Xom.
You were a beloved toy of Xom.
You visited 1 branch of the dungeon, and saw 3 of its levels.

You collected 93 gold pieces.

Inventory:

Hand Weapons
 a - a +0 spear of chaos (weapon)
Armour
 b - a +2 leather armour (worn)
Wands
 k - a wand of iceblast (6)
Scrolls
 d - a scroll of amnesia {unknown}
 e - 2 scrolls of identify {unknown}
 f - a scroll of magic mapping {unknown}
 h - 3 scrolls of blinking {unknown}
 j - a scroll of immolation {unknown}
Potions
 i - a potion of lignification {unknown}


   Skills:
 - Level 3.0 Fighting
 * Level 5.0 Polearms
 - Level 1.7 Armour
 - Level 0.8 Dodging


You had 3 spell levels left.
You didn't know any spells.
Your spell library was empty.

Dungeon Overview and Level Annotations

Branches:
Dungeon (3/15)

Altars:
Nemelex Xobeh


Innate Abilities, Weirdness & Mutations

When seriously injured, your bleeding wounds create armour. (AC +6)


Message History

You are more poisoned.
You are too injured to fight recklessly!
You feel very sick. Something hits you but does no damage.
You are lethally poisoned!
You see here a +0 dagger.
You feel very sick.
* * * LOW HITPOINT WARNING * * *
You feel very sick.
Items here: )) [[ รท.
* * * LOW HITPOINT WARNING * * *
You feel very sick.
It was a potion of haste.
You feel yourself speed up.
Xom thinks this is hilarious!
* * * LOW HITPOINT WARNING * * *
You feel sick.
You hear some strange, mumbled words.
You are confused.
Unknown command.
It was a potion of berserk rage.
A red film seems to cover your vision as you go berserk!
You feel yourself moving faster!
You feel mighty!
* * * LOW HITPOINT WARNING * * *
You feel sick.
Unknown command.
You are too berserk!
Unknown command.
Unknown command.
You are too berserk!
Unknown command.
You miss something.
* * * LOW HITPOINT WARNING * * *
You feel sick. Something hits you but does no damage.
You miss something.
* * * LOW HITPOINT WARNING * * *
You feel sick.
You are too injured to fight recklessly!
You bump into the rock wall.
You die...
Xom laughs nastily!

.#.#.# #..# #.#####.#.......
##.#.###..# #....##.#.......
.......#..# #....##.#.#####.
...#.#.#.)# #....##.#.# ##
.#.#.#.#o.# +.......#.#
.......#..########.......#.#
.###.###..#..............#.######
...#.# #..#.########.............
.#.#.# #........@{.).#(###.(...#
.#.#.####.#.########.#.#<..###.##
.#.#......#+## #.#.#.........
.#.#.........# #.#.####.##.##
.#.#.........# #.#.......#.#
.#.#.........#######.######..#.#
.#.#.........#.......#.......#.#
.#.+.........+##.#####.###...#.#
.# #.........# #.#.............#


There were no monsters in sight!

Vanquished Creatures
  Ijyb (D:3)
  Robin (D:3)
  2 worms
  2 dart slugs
  4 orcs (D:3)
  6 endoplasms
  5 giant cockroaches
  9 goblins
  8 hobgoblins
  3 quokkas
  4 ball pythons
  3 bats
  4 frilled lizards
  2 kobolds (D:1)
  5 rats
59 creatures vanquished.

Notes
Turn   | Place    | Note
-------+----------+-------------------------------------------
     0 | D:1      | ragingrage the Demonspawn Chaos Knight began the quest for
                  | the Orb.
     0 | D:1      | Reached XP level 1. HP: 18/18 MP: 1/1
   219 | D:1      | XOM: silly message
   246 | D:1      | Reached skill level 3 in Polearms
   280 | D:1      | Gained mutation: When seriously injured, your bleeding
                  | wounds create armour. (AC +6) [demonic ancestry]
   280 | D:1      | Reached XP level 2. HP: 24/24 MP: 2/2
   420 | D:1      | XOM: silly message
   474 | D:1      | XOM: divination: detect items
   995 | D:2      | Found a faded altar of an unknown god.
  1033 | D:2      | Reached XP level 3. HP: 29/29 MP: 3/3
  1110 | D:2      | XOM: 10-stop teleportation journey
  1211 | D:2      | Reached skill level 4 in Polearms
  1664 | D:3      | Noticed Ijyb
  1668 | D:3      | XOM: enchant monster (bad)
  1685 | D:3      | Killed Ijyb
  1686 | D:3      | Reached XP level 4. HP: 24/35 MP: 4/4
  1835 | D:3      | XOM: 1-stop teleportation journey
  1847 | D:3      | Noticed Robin
  1862 | D:3      | XOM: confuse monster(s)
  1868 | D:3      | Killed Robin
  2263 | D:3      | Found a sparkling altar of Nemelex Xobeh.
  2423 | D:3      | Reached skill level 5 in Polearms
  2436 | D:3      | HP: 2/52 [poisoned by an orc wizard]
  2438 | D:3      | Succumbed to an orc wizard's poison

Illustrated notes

Levels and vault maps discovered:
D:1:      lemuel_arrival_muddy, layout_basic
D:2:      layout_basic, ebering_ecumenical_altar_webs
D:3:      layout_basic, mainiacjoe_overflow_six_doors_small, serial_shops,
          nicolae_shop_statue_plus, uniq_robin, uniq_ijyb

Skill      XL: |  1  2  3  4 |
---------------+-------------+-----
Polearms       | 3 4 5 |  5.0
Fighting       | |  3.0
Armour         | |  1.7
Dodging        | |  0.8

Action                   |  1- 3 |  4- 6 || total
-------------------------+-------+-------++-------
Melee: Spear             |   129 |    83 ||   212
  Use: Potion            |       |     2 ||     2
 Stab: Sleeping          |     2 |     1 ||     3
Armor: Leather armour    |    32 |    18 ||    50
Dodge: Dodged            |    39 |    26 ||    65

Table legend: (Time is in decaauts)
 A = Elapsed time spent in this place.
 B = Non-inter-level travel time spent in this place.
 C = Inter-level travel time spent in this place.
 D = Time resting spent in this place.
 E = Time spent auto-exploring this place.
 F = Levels seen in this place.
 G = Mean time per level.
                   A        B        C        D        E       F      G
               +--------+--------+--------+--------+--------+-----+--------+
         Total |   2416 |   2288 |    128 |      0 |   1873 |   3 |  805.3 |
       Dungeon |   2416 |   2288 |    128 |      0 |   1873 |   3 |  805.3 |
               +--------+--------+--------+--------+--------+-----+--------+

Top non-repeatable levels by time:
     D:3: 895 daAuts
     D:1: 821 daAuts
     D:2: 699 daAuts
